 Dungeon Crawl Stone Soup version 0.28.0-53-g5a82cb258f (webtiles) character file.

Game seed: 3288207939910038114

18 Logoto the Conjurer (level 2, -3/20 HPs)
             Began as a Draconian Conjurer on Aug 13, 2022.
             Slain by an adder (4 damage)
             ... on level 1 of the Dungeon.
             The game lasted 00:02:22 (1016 turns).

Logoto the Conjurer (Draconian Conjurer)            Turns: 1016, Time: 00:02:23

Health: -3/20      AC:  4    Str:  9    XL:     2   Next: 48%
Magic:  4/5        EV: 12    Int: 18    God:
Gold:   45         SH:  0    Dex:  9    Spells: 4/5 levels left

rFire   . . .      SeeInvis .   c - +0 short sword
rCold   . . .      Faith    .   (no shield)
rNeg    . . .      Spirit   .   (armour unavailable)
rPois   .          Reflect  .   (helmet restricted)
rElec   .          Harm     .   (no cloak)
rCorr   .          Rampage  .   (no gloves)
Will    .....                   (no boots)
Stlth   ++........              (no amulet)
HPRegen 0.06/turn               (no ring)
MPRegen 0.09/turn               (no ring)

@: no status effects
A: AC +4, unfitting armour, cold-blooded
a: no special abilities


You were on level 1 of the Dungeon.
You visited 1 branch of the dungeon, and saw 2 of its levels.

You collected 45 gold pieces.

Inventory:

Hand Weapons
 c - a +0 short sword (weapon)
Scrolls
 e - a scroll of noise {unknown}
 f - a scroll of fog {unknown}
Potions
 a - 2 potions of haste {unknown}
 b - a potion of attraction {unknown}
 d - a potion of brilliance {unknown}


   Skills:
 + Level 1.8 Dodging
 + Level 1.9 Stealth
 + Level 2.0 Spellcasting
 + Level 4.5 Conjurations


You had 4 spell levels left.
You knew the following spells:

 Your Spells              Type           Power      Damage    Failure   Level
a - Magic Dart            Conj           72%        1d6       2%          1

Your spell library contained the following spells:

 Spells                   Type           Power      Damage    Failure   Level
 Searing Ray              Conj           36%        2d5       4%          2
 Dazzling Flash           Conj/Hex       20%        N/A       22%         3
 Fulminant Prism          Conj/Hex       5%         3d7       56%         4
 Iskenderun's Mystic Bla  Conj/Tloc      10%        2d4       56%         4


Dungeon Overview and Level Annotations

Branches:
Dungeon (2/15)

Altars:

Shops:
D:1 (=


Innate Abilities, Weirdness & Mutations

Your plain brown scales are hard. (AC +4)
You cannot fit into any form of body armour.
You are cold-blooded and may be slowed by cold attacks.


Message History

You completely miss the adder. The adder misses you.
The kobold hits you with a +0 short sword.
You hit the adder.
The adder is lightly wounded.
The adder bites you but does no damage.
The kobold hits you with a +0 short sword.
You completely miss the adder.
The adder is lightly wounded.
The adder bites you but does no damage. The kobold barely misses you.
The adder barely misses you.
You hit the adder.
The adder is moderately wounded.
The adder bites you.
You are poisoned.
The adder poisons you! The kobold barely misses you.
You closely miss the adder.
You tail-slap the adder, but do no damage.
The adder is moderately wounded.
You feel sick. The adder barely misses you.
The kobold hits you but does no damage. The adder barely misses you.
Casting: Magic Dart (safe; 2% risk of failure)
Confirm with . or Enter, or press ? or * to list all spells.
Aiming: Magic Dart (safe; 2% risk of failure)
Press: ? - help, Shift-Dir - straight line, f - adder
Aim: an adder (moderately wounded, 100% to hit)
The magic dart hits the adder.
The adder is heavily wounded.
You feel sick.
The kobold hits you with a +0 short sword.
* * * LOW HITPOINT WARNING * * *
The adder barely misses you.
You feel sick.
You are no longer poisoned.
The adder barely misses you.
The kobold hits you with a +0 short sword.
* * * LOW HITPOINT WARNING * * *
You climb upwards.
There is a stone staircase leading down here.
The adder bites you.
You die...

.##..#######.#......###...###....
###..# #.#...#.............#.
#..# #.....#.............#. #..#
####..###...###...###. ##.##
#.................. #...#
####..#.......#...... #.#.#
#......(.####...#.... ##.#.##
###....K...##..........
...#..#####.....@S.#'#..######...
####........#......#.#### ###.
......##..........##.#.# ##
..............######>#.##
.............## #.#..####
......#......# #.##....##
......######## #∩#......#####
......# #.#.####...... ......#
#.#.# #######


You could see an adder and a kobold.

Vanquished Creatures
  2 ball pythons (D:1)
  A bat (D:1)
  2 endoplasms (D:1)
  2 giant cockroaches (D:1)
  2 hobgoblins (D:1)
  3 kobolds (D:1)
  A quokka (D:1)
  A rat (D:1)
14 creatures vanquished.

Notes
Turn   | Place    | Note
-------+----------+-------------------------------------------
     0 | D:1      | Logoto the Draconian Conjurer began the quest for the Orb.
     0 | D:1      | Reached XP level 1. HP: 14/14 MP: 3/3
   333 | D:1      | Found Soacw's Antique Weapon Shop.
   464 | D:1      | Found Faowyu's Jewellery Emporium.
   511 | D:1      | Reached XP level 2. HP: 20/20 MP: 0/5
  1014 | D:2      | HP: 1/20 [kobold/+0 short sword (2)]
  1016 | D:1      | Slain by an adder

Illustrated notes

Levels and vault maps discovered:
D:1:      minmay_arrival_open_corners, layout_rooms, serial_shops,
          nicolae_shop_hallway_stairs, shop, hangedman_feature_mirror
D:2:      layout_loops_corners, patterned_corridor

Action                   || total
-------------------------++-------
Melee: Unarmed           ||     6
       Punch             ||     1
       Short sword       ||    29
       Tailslap          ||     3
 Cast: Magic Dart        ||    18
 Stab: Sleeping          ||     1
Armor: Skin              ||    12
Dodge: Dodged            ||    24
